 Dungeon Crawl Stone Soup version 0.24.0-35-gdb84b6a5db (webtiles) character file.

Game seed: 17473513801780062873, levelgen mode: deterministic

128 grindst0ne the Sneak (level 4, -1/33 HPs)
             Began as a Vampire Assassin on Nov 17, 2019.
             Killed by divine providence
             ... invoked by an orc priest
              (9 damage)
             ... on level 3 of the Dungeon.
             The game lasted 00:05:42 (1776 turns).

grindst0ne the Sneak (Vampire Assassin)             Turns: 1776, Time: 00:05:42

Health: -1/33      AC:  4    Str: 10    XL:     4   Next: 87%
Magic:  0/13       EV: 13    Int: 14    God:
Gold:   65         SH:  0    Dex: 15    Spells: 3/3 levels left

rFire    . . .     SeeInvis +   a - +2 dagger
rCold    . . .     Gourm    .   (no shield)
rNeg     . . .     Faith    .   h - +0 leather armour
rPois    .         Spirit   +   (no helmet)
rElec    .         Reflect  .   c - +0 cloak
rCorr    .         Harm     .   (no gloves)
MR       .....                  (no boots)
Stlth    +.........             b - amulet of guardian spirit
HPRegen  0.31/turn              l - ring of magical power
MPRegen  0.13/turn              (no ring)

@: confused, regenerating quickly
A: no food, fangs 3, see invisible, unbreathing
a: Exsanguinate


You were on level 3 of the Dungeon.
You were alive.

You visited 1 branch of the dungeon, and saw 3 of its levels.

You collected 65 gold pieces.

Inventory:

Hand Weapons
 a - a +2 dagger (weapon)
Missiles
 d - 18 poisoned darts (quivered)
 e - 2 curare-tipped darts
Armour
 c - a +0 cloak (worn)
 h - a +0 leather armour (worn)
Jewellery
 b - an amulet of guardian spirit (around neck)
 k - an uncursed amulet of magic regeneration
 l - a ring of magical power (left hand)
Wands
 o - a wand of disintegration (6)
Scrolls
 i - a scroll of magic mapping
 m - a scroll of remove curse {unknown}
 n - a scroll of fear {unknown}
Potions
 f - a potion of ambrosia
 p - 3 potions of mutation


   Skills:
 - Level 1.7 Fighting
 + Level 3.7 Short Blades
 - Level 1.5 Throwing
 + Level 3.1 Dodging
 + Level 7.2 Stealth


You had 3 spell levels left.
You didn't know any spells.
Your spell library was empty.

Dungeon Overview and Level Annotations

Branches:
Dungeon (3/15)

Altars:


Innate Abilities, Weirdness & Mutations

You do not eat.
Your natural rate of healing is unusually fast.
You have razor-sharp teeth.
You have supernaturally acute eyesight. (SInv)
You can survive without breathing.


Message History

You hit the orc priest. Your bite misses the orc priest.
The orc priest is almost dead.
The orc priest barely misses you. The orc wizard completely misses you.
A hobgoblin comes into view. It is wielding a +0 club.
The orc priest invokes the aid of Beogh against you.
Beogh smites you!
The orc wizard points at you and mumbles some strange words.
The magic dart hits you.
* * * LOW HITPOINT WARNING * * *
You bump into the rock wall.
The orc priest mumbles some strange prayers to Beogh against you.
Beogh smites you!
* * * LOW HITPOINT WARNING * * *
The orc wizard points at you and mumbles some strange words.
The magic dart hits you!
* * * LOW HITPOINT WARNING * * *
You bump into the rock wall.
The orc priest calls down the wrath of Beogh upon you.
Beogh smites you!
You die...

##.....#..###....
#.######.## ...
... #..# .. ###
##.# #.# #.##
#..# +# ##.## #.#
#.@# #.# ##.##
#.# ##oo#+#.#
#.oS....#
#..K....#
#.....h.#
####g.#.#
#..#)...g.h.
#..#.....h..


You could see an orc priest, an orc wizard, an adder, an orc, a jackal, a
hobgoblin and a kobold.

Vanquished Creatures
  5 adders (D:2)
  A worm (D:2)
  5 dart slugs
  2 leopard geckos
  6 bats
  4 giant cockroaches
  6 hobgoblins
  4 jackals
  8 kobolds
  A quokka (D:2)
  A ball python (D:2)
  6 frilled lizards
  13 goblins
  3 rats
65 creatures vanquished.

Notes
Turn   | Place    | Note
-------+----------+-------------------------------------------
     0 | D:1      | grindst0ne the Vampire Assassin began the quest for the
                  | Orb.
     0 | D:1      | Reached XP level 1. HP: 16/16 MP: 1/1
    40 | D:1      | Reached skill level 6 in Stealth
   155 | D:1      | Reached XP level 2. HP: 20/22 MP: 2/2
   466 | D:1      | Reached XP level 3. HP: 27/27 MP: 3/3
   991 | D:2      | Reached XP level 4. HP: 27/33 MP: 4/4
  1272 | D:2      | Reached skill level 7 in Stealth
  1776 | D:3      | Killed from afar by an orc priest

Levels and vault maps discovered:
D:1:      minmay_arrival_five_plusses, layout_basic
D:2:      layout_loops_ring, first_ration
D:3:      layout_basic, uniq_natasha, uniq_jessica, uniq_crazy_yiuf_cottage,
          uniq_terence, uniq_sigmund

Skill      XL: |  1  2  3  4 |
---------------+-------------+-----
Stealth        | 6 7 |  7.2
Dodging        | 2 3 |  3.1
Short Blades   | 3 |  3.7
Fighting       | |  1.7
Throwing       | |  1.5

Action                   |  1- 3 |  4- 6 || total
-------------------------+-------+-------++-------
Melee: Dagger            |   118 |    88 ||   206
       Bite              |    14 |     5 ||    19
  Use: Scroll            |       |     4 ||     4
       Potion            |       |     1 ||     1
 Stab: Sleeping          |    10 |     7 ||    17
Armor: Robe              |     3 |       ||     3
       Leather armour    |    13 |    12 ||    25
Dodge: Dodged            |    60 |    48 ||   108
